 Dungeon Crawl Stone Soup version 0.27-a0-1136-g0b992a5a9d (webtiles) character file.

Game seed: 14871149480693515093

2332 jasper the Cruncher (level 9, -3/63 HPs)
             Began as a Demonspawn Artificer on May 5, 2021.
             Killed from afar by an orc (10 damage)
             ... with a bolt of acid
             ... on level 6 of the Dungeon.
             The game lasted 00:12:47 (5988 turns).

jasper the Cruncher (Demonspawn Artificer)          Turns: 5988, Time: 00:12:47

Health: -3/63      AC: 17    Str: 13    XL:     9   Next: 19%
Magic:  9/9        EV:  7    Int: 16    God:
Gold:   211        SH:  0    Dex: 20    Spells: 6/8 levels left

rFire    . . .     SeeInvis .   h - +0 quarterstaff
rCold    . . .     Faith    .   (shield currently unavailable)
rNeg     . . .     Spirit   .   n - +0 chain mail
rPois    +         Reflect  .   (no helmet)
rElec    .         Harm     .   i - +1 cloak
rCorr    .         Rampage  .   (no gloves)
Will     +....                  x - +0 pair of boots {Stlth+}
Stlth    ..........             (no amulet)
HPRegen  0.20/turn              m - ring of the Komodo Dragon {Wiz rPois Int+4}
MPRegen  0.11/turn              q - ring "Azxotsad" {Will+ Dex+3 Slay+2}

@: corroded, sanguine armoured
A: talons 2, demonic guardian 1, sanguine armour 2
a: no special abilities


You were on level 6 of the Dungeon.
You visited 1 branch of the dungeon, and saw 6 of its levels.

You collected 211 gold pieces.

Inventory:

Hand Weapons
 a - a +0 club
 h - a +0 quarterstaff (weapon)
 s - a +1 dagger of venom
 y - the +9 hunting sling of No Interval {venom, rN++}
   (You found it on level 5 of the Dungeon)

   It poisons the ammo it fires.
   It greatly protects you from negative energy.
Missiles
 f - 106 stones
 j - 30 poisoned darts (quivered)
 v - 2 boomerangs
 z - 12 sling bullets
Armour
 b - a +0 leather armour
 i - a +1 cloak (worn)
 n - a +0 chain mail (worn)
 w - a +1 leather armour of fire resistance
 x - a +0 pair of boots of stealth (worn)
Jewellery
 l - a ring of wizardry
 m - the ring of the Komodo Dragon (left hand) {Wiz rPois Int+4}
   (You acquired it on level 1 of the Dungeon)

   [ring of wizardry]

   It improves your spell success rate.
   It affects your intelligence (+4).
   It protects you from poison.
 q - the ring "Azxotsad" (right hand) {Will+ Dex+3 Slay+2}
   (You found it on level 4 of the Dungeon)

   [ring of willpower]

   It affects your dexterity (+3).
   It affects your accuracy and damage with ranged weapons and melee attacks
   (+2).
   It increases your willpower.
 r - a +4 ring of evasion
 u - a ring of ice
Wands
 d - a wand of charming (6)
 B - a wand of flame (14)
Scrolls
 g - a scroll of enchant weapon
 k - 3 scrolls of identify
 A - 3 scrolls of magic mapping {unknown}
Potions
 c - 2 potions of flight
 p - a potion of magic
 t - 3 potions of attraction
Miscellaneous
 e - a piece from Xom's chessboard (15/15)


   Skills:
 - Level 3.0 Fighting
 + Level 10.1 Staves
 - Level 3.0 Armour
 - Level 3.0 Dodging
 - Level 0.8 Stealth
 - Level 3.0 Evocations


You had 6 spell levels left.
You knew the following spells:

 Your Spells              Type           Power      Damage    Failure   Level
a - Wereblood             Tmut           0%         N/A       98%         2

Your spell library contained the following spells:

 Spells                   Type           Power      Damage    Failure   Level
 Beastly Appendage        Tmut           0%         N/A       95%         1
 Spider Form              Tmut/Pois      0%         N/A       100%        3
 Ice Form                 Ice/Tmut       0%         N/A       100%        4
 Hydra Form               Tmut           0%         N/A       100%        5


Dungeon Overview and Level Annotations

Branches:
Dungeon (6/15)
 Temple: D:4-7

Altars:

Shops:
D:3 :


Innate Abilities, Weirdness & Mutations

You have razor-sharp toenails.
A weak demonic guardian rushes to your aid.
When seriously injured, your bleeding wounds create thick armour. (AC +9)


Message History

You barely miss the gnoll sergeant.
The gnoll sergeant is moderately wounded.
The gnoll sergeant barely misses you.
You sock the gnoll sergeant!
The gnoll sergeant is severely wounded.
The gnoll sergeant hits you but does no damage.
You hit the gnoll sergeant but do no damage.
The gnoll sergeant is severely wounded.
You hit the gnoll sergeant.
The gnoll sergeant is almost dead.
The gnoll sergeant barely misses you.
You hit the gnoll sergeant.
You kill the gnoll sergeant!
You hit the orc but do no damage.
The orc zaps a wand.
The bolt of acid hits you! The acid corrodes you!
You are splashed with acid!
You take 15 damage, and have 21/63 hp.
MASSIVE DAMAGE!!
You hit the orc.
The orc is heavily wounded.
You closely miss the orc.
The orc is heavily wounded.
The orc closely misses you.
Okay, then.
You feel better.
The orc zaps a wand.
The bolt of acid misses you.
You regained 10 hp, and now have 31/63 hp.
Press: ? - help, v - describe, . - travel, g - get item
Here: an orc, wielding a +0 mace, wearing a +0 chain mail and carrying a wand of acid (10) (heavily wounded)
Items here: $ ))) [ †.
The floor, spattered with blood.
Unknown command.
You hit the orc but do no damage.
The orc is heavily wounded.
The orc hits you but does no damage.
You barely miss the orc.
The orc is heavily wounded.
The orc zaps a wand.
The bolt of acid hits you!
You are splashed with acid!
* * * LOW HITPOINT WARNING * * *
A demonic guardian appears!
You take 25 damage, and have 6/63 hp.
MASSIVE DAMAGE!!
The orc zaps a wand.
The bolt of acid hits you!
You die...

#......##......#####.......
#......##....[.# .......
##.............## .......
.#.............# .......
...............# ######.
.######.....#'##
....###.###...#####
.............go...+
###..[.....#..##@##
####..)..##.##5#
#........##.##.#
#........#.....#
#...<<####.#÷### #....##
#.#.÷# #..... ..##.#
#....## ### #.# #....# #.##


You could see a gnoll, an orc (ally target) and a friendly ufetubus (summoned).

Vanquished Creatures
  Pikel (D:6)
  Grinder (D:6)
  Menkaure (D:5)
  A water moccasin (D:6)
  2 gnoll sergeants (D:6)
  A black bear (D:5)
  A necrophage (D:6)
  A centaur (D:5)
  3 lemures (D:6)
  Blork the orc (D:5)
  2 scorpions
  3 centaur zombies (D:6)
  3 hounds
  2 iguanas
  An orc wizard (D:5)
  A hound zombie (D:5)
  A howler monkey zombie (D:6)
  A howler monkey skeleton (D:6)
  11 gnolls
  11 adders
  A shadow imp (D:6)
  3 white imps
  A worm (D:3)
  A dart slug (D:3)
  13 orcs
  6 ball pythons
  5 endoplasms
  A giant cockroach (D:1)
  4 goblins
  3 hobgoblins
  4 jackals (D:5)
  7 quokkas
  5 bats
  2 frilled lizards
  7 kobolds
  3 rats
115 creatures vanquished.

Vanquished Creatures (collateral kills)
  An ogre (D:5)
  2 bullfrog zombies (D:6)
  A jelly (D:4)
  A gnoll shaman (D:2)
  A gnoll (D:6)
6 creatures vanquished.

Vanquished Creatures (others)
  A phantom (D:6)
  An orc wizard (D:5)
  A withered plant (D:6)
3 creatures vanquished.

Grand Total: 124 creatures vanquished

Notes
Turn   | Place    | Note
-------+----------+-------------------------------------------
     0 | D:1      | jasper the Demonspawn Artificer began the quest for the
                  | Orb.
     0 | D:1      | Reached XP level 1. HP: 15/15 MP: 1/1
   548 | D:1      | Gained mutation: You have sharp toenails. [demonic
                  | ancestry]
   548 | D:1      | Reached XP level 2. HP: 14/22 MP: 2/2
   727 | D:1      | Reached skill level 1 in Staves
   999 | D:1      | Identified a scroll of acquirement
   999 | D:1      | Acquired the ring of the Komodo Dragon {Wiz rPois Int+4}
  1101 | D:2      | Gained mutation: When seriously injured, your bleeding
                  | wounds create armour. (AC +9) [demonic ancestry]
  1101 | D:2      | Reached XP level 3. HP: 27/27 MP: 3/3
  1122 | D:2      | Reached skill level 2 in Staves
  1401 | D:2      | Gained mutation: A weak demonic guardian rushes to your
                  | aid. [demonic ancestry]
  1401 | D:2      | Reached XP level 4. HP: 25/34 MP: 4/4
  1670 | D:3      | Found Vasebrats's Book Emporium.
  1991 | D:3      | Reached skill level 1 in Dodging
  2000 | D:3      | Reached skill level 3 in Staves
  2558 | D:4      | Reached XP level 5. HP: 10/41 MP: 5/5
  2839 | D:4      | Identified the ring "Azxotsad" {Will+ Dex+3 Slay+2}
  3495 | D:5      | Entered Level 5 of the Dungeon
  3499 | D:5      | Learned a level 2 spell: Wereblood
  3520 | D:5      | Noticed a centaur
  3534 | D:5      | Killed a centaur
  3535 | D:5      | Gained mutation: You have razor-sharp toenails. [demonic
                  | ancestry]
  3535 | D:5      | Reached XP level 6. HP: 39/47 MP: 6/6
  3669 | D:5      | Reached skill level 4 in Staves
  3818 | D:5      | Noticed Menkaure
  3837 | D:5      | Killed Menkaure
  3838 | D:5      | Reached skill level 5 in Staves
  3838 | D:5      | Gained mutation: When seriously injured, your bleeding
                  | wounds create thick armour. (AC +9) [demonic ancestry]
  3838 | D:5      | Reached XP level 7. HP: 26/52 MP: 7/7
  4141 | D:5      | Noticed Blork the orc
  4147 | D:5      | Killed Blork the orc
  4271 | D:5      | Reached skill level 6 in Staves
  4974 | D:5      | Identified the +9 hunting sling of No Interval {venom,
                  | rN++}
  5517 | D:6      | Noticed Pikel
  5528 | D:6      | Killed Pikel
  5529 | D:6      | Reached skill level 8 in Staves
  5529 | D:6      | Reached XP level 8. HP: 57/58 MP: 8/8
  5615 | D:6      | Reached skill level 9 in Staves
  5745 | D:6      | Reached XP level 9. HP: 43/63 MP: 9/9
  5921 | D:6      | Noticed Grinder
  5962 | D:6      | Killed Grinder
  5963 | D:6      | Reached skill level 10 in Staves
  5988 | D:6      | Killed from afar by an orc

Illustrated notes

Levels and vault maps discovered:
D:1:      dpeg_arrival_castle, layout_basic
D:2:      layout_basic, shapermc_ecumenical_altar_mp_highgroup
D:3:      layout_basic, serial_shops, nicolae_shop_stone
D:4:      layout_rooms
D:5:      minmay_recursive_quarters, layout_loops_ring, grunt_decor_junction,
          nicolae_zen_rock_garden, uniq_blork_the_orc, uniq_menkaure
D:6:      layout_basic, serial_undead, serial_undead_d, serial_undead_a,
          serial_undead_e, serial_undead_e, uniq_pikel, uniq_grinder

Skill      XL: |  1  2  3  4  5  6  7  8  9 |
---------------+----------------------------+-----
Staves         | 1 2 3 5 8 9 10 | 10.1
Fighting       | 2 3 |  3.0
Dodging        | 1 2 3 |  3.0
Armour         | 2 3 |  3.0
Stealth        | |  0.8
Evocations     | |  3.0

Action                   |  1- 3 |  4- 6 |  7- 9 || total
-------------------------+-------+-------+-------++-------
Melee: Club              |     6 |       |     5 ||    11
       Quarterstaff      |    43 |   144 |   135 ||   322
       Kick              |     9 |    33 |    17 ||    59
 Fire: Hunting sling     |       |       |    46 ||    46
Throw: Dart              |    25 |    47 |     8 ||    80
Evoke: Wand              |    15 |     4 |    12 ||    31
       Piece from Xom's  |       |     5 |       ||     5
  Use: Scroll            |     4 |     7 |     3 ||    14
       Potion            |       |     3 |     2 ||     5
 Stab: Sleeping          |     1 |       |       ||     1
       Distracted        |       |     1 |       ||     1
       Betrayed ally     |       |       |     1 ||     1
Armor: Leather armour    |    18 |     1 |       ||    19
       Chain mail        |       |    87 |    84 ||   171
       Skin              |       |    23 |     1 ||    24
Dodge: Dodged            |    36 |    40 |    42 ||   118

Table legend: (Time is in decaauts)
 A = Elapsed time spent in this place.
 B = Non-inter-level travel time spent in this place.
 C = Inter-level travel time spent in this place.
 D = Time resting spent in this place.
 E = Time spent auto-exploring this place.
 F = Levels seen in this place.
 G = Mean time per level.
                   A        B        C        D        E       F      G
               +--------+--------+--------+--------+--------+-----+--------+
         Total |   6012 |   5610 |    402 |    802 |   3709 |   6 | 1002.0 |
       Dungeon |   6012 |   5610 |    402 |    802 |   3709 |   6 | 1002.0 |
               +--------+--------+--------+--------+--------+-----+--------+

Top non-repeatable levels by time:
     D:5: 1865 daAuts
     D:3: 1075 daAuts
     D:1: 1056 daAuts
     D:4: 865 daAuts
     D:2: 626 daAuts
     D:6: 522 daAuts
